Map: Fields of Death

Players

MattBarry

  • Race: Protoss Protoss
  • League: Gold
  • Spawn Location: 12:00

MattBarry

  • Race: Zerg Zerg
  • League: Silver
  • Spawn Location: 12:00

Sacul - Winner!

  • Race: Zerg Zerg
  • Spawn Location: 6:00

Htown - Winner!

  • Race: Protoss Protoss
  • League: Diamond
  • Spawn Location: 7:00

VOD

Have the link to the VOD?

Description

Time

  • Played on: Jan. 20, 2023, 1:17 a.m.
  • Length: 15:08
Show
View Real Time Build Order
Export as new Build Order

MattBarry Protoss 

Build Orders: 1 Gate Expand 

Get SALT Encoding   

  12  0:00  Probe  
  13  0:12  Probe  
  14  0:18  Pylon  
  14  0:24  Probe  
  15  0:37  Probe  
  15  0:42  Gateway  
  16  0:49  Probe  
  17  0:50  Assimilator  
  17  1:01  Probe  
  18  1:13  Probe  
  19  1:25  Probe  
  20  1:28  Cybernetics Core  
  20  1:37  Probe  
  21  1:43  Nexus  
  21  1:49  Probe  
  22  1:54  Pylon  
  22  2:10  Pylon  
  24  2:26  Pylon  
  24  2:34  Forge  
  24  2:37  Gateway  
  21  2:59  Pylon  
  21  3:07  Assimilator  
  21  3:10  Photon Cannon  
  21  3:17  Photon Cannon  
  21  3:30  Protoss Ground Weapons Level 1 (Chrono Boost)  
  21  3:32  Cybernetics Core  
  21  3:46  Zealot  
  25  4:09  Stalker  
  25  4:12  Stalker  
  25  4:15  Probe  
  28  4:19  Assimilator  
  28  4:23  Pylon  
  28  4:26  Gateway  
  28  4:28  Pylon  
  28  4:30  Pylon  
  28  4:59  Stalker  
  29  5:16  Probe  
  29  5:21  Stalker x2  
  32  5:23  Warp Gate (Chrono Boost)  
  34  5:49  Probe  
  35  5:57  Protoss Ground Armor Level 1  
  35  6:00  Zealot x2  
  35  6:49  Stalker x2  
  35  6:51  Stalker  
  41  7:16  Nexus  
  41  7:28  Pylon  
  41  7:30  Stalker x3  
  41  7:33  Twilight Council  
  47  7:52  Probe  
  48  8:01  Blink (Chrono Boost)  
  48  8:03  Stalker x3  
  48  8:04  Probe  
  55  8:16  Probe  
  56  8:26  Stalker  
  56  8:27  Stalker x2  
  60  8:28  Probe  
  64  8:34  Probe  
  64  8:40  Probe  
  65  8:46  Probe  
  66  9:09  Stalker x3  
  72  9:15  Probe x2  
  74  9:21  Assimilator  
  74  9:23  Assimilator  
  74  9:27  Probe x2  
  74  9:29  Robotics Facility  
  76  9:32  Stalker  
  78  9:39  Probe x2  
  52  10:15  Stalker x3  
  52  10:17  Observer  
  52  10:19  Probe x2  
  52  10:31  Probe  
  45  10:47  Probe x2  
  47  10:59  Probe x2  
  47  11:01  Protoss Ground Weapons Level 2 (Chrono Boost)  
  49  11:07  Pylon  
  49  11:11  Probe x2  
  49  11:16  Photon Cannon  
  51  11:21  Stalker x2  
  51  11:22  Stalker  
  57  11:26  Photon Cannon  
  57  11:28  Probe x2  
  59  11:40  Probe x2  
  61  11:50  Stalker x2  
  61  11:51  Stalker  
  61  11:52  Probe x2  
  69  12:04  Probe x2  
  71  12:20  Stalker x2  
  75  12:29  Stalker  
  77  12:40  Stargate, Nexus  
  77  12:41  Probe  
  77  12:42  Pylon, Probe  
  79  12:45  Pylon  
  78  12:54  Probe x2  
  78  12:57  Photon Cannon  
  80  12:58  Pylon  
  80  13:03  Stalker x2  
  80  13:04  Stalker  
  86  13:18  Probe x2  
  92  13:30  Void Ray, Probe x2  
  94  13:50  Stalker  
  94  13:54  Assimilator  
  94  13:55  Stalker  
  98  14:00  Stalker, Assimilator  
  98  14:02  Pylon  
  100  14:03  Photon Cannon  
  100  14:11  Pylon  
  100  14:18  Stalker x2  
  104  14:29  Gateway  
  104  14:30  Gateway  
  104  14:31  Gateway  
  104  14:34  Stalker  
Show
View Real Time Build Order
Export as new Build Order

MattBarry Zerg 

Build Orders: Hatch First 

Get SALT Encoding   

  12  0:00  Drone  
  13  0:11  Overlord  
  13  0:16  Drone  
  14  0:30  Drone x2  
  16  0:51  Hatchery  
  15  0:57  Drone  
  15  1:04  Drone  
  17  1:13  Spawning Pool  
  17  1:16  Drone  
  17  1:21  Drone  
  18  1:35  Extractor  
  18  1:36  Drone  
  18  1:50  Drone, Overlord  
  19  2:06  Queen  
  21  2:08  Zergling x4  
  23  2:18  Spine Crawler  
  23  2:22  Spine Crawler  
  21  2:30  Zergling x2  
  21  2:31  Zergling x4  
  21  2:35  Zergling x2  
  25  3:14  Zergling x6  
  25  3:15  Zergling x6  
  25  3:16  Queen  
  33  3:41  Evolution Chamber  
  23  4:22  Baneling Nest  
  22  4:24  Spine Crawler  
  22  4:25  Zergling x6  
  22  4:26  Zergling x10, Spine Crawler  
  22  4:27  Zergling x2  
  29  4:31  Queen  
  29  4:33  Queen  
  33  4:41  Spine Crawler  
  30  5:02  Drone  
  30  5:03  Drone x6  
  34  5:17  Zergling x2  
  34  5:18  Overlord x2  
  35  5:37  Drone x5  
  35  5:41  Extractor  
  39  5:52  Roach Warren  
  38  5:59  Drone  
  38  6:00  Drone x2  
  41  6:10  Drone x4  
  42  6:34  Hatchery  
  41  6:47  Drone, Overlord x2  
  42  6:48  Zergling x8  
  46  7:18  Hatchery  
  45  7:30  Baneling x4  
  45  7:31  Baneling x4  
  45  7:35  Lair  
  45  7:37  Zerg Melee Weapons Level 1  
  45  7:41  Drone  
  45  7:42  Drone x5  
  45  7:43  Evolution Chamber  
  50  8:09  Drone x3, Overlord  
  50  8:10  Roach  
  50  8:11  Roach x3  
  61  8:20  Drone  
  61  8:21  Zergling x4, Drone  
  61  8:26  Zerg Missile Weapons Level 1  
  65  8:32  Queen  
  67  8:35  Roach  
  60  9:05  Zergling x26  
  60  9:06  Zergling x8  
  77  9:11  Metabolic Boost  
  77  9:22  Drone x2  
  77  9:23  Drone, Overlord  
  80  9:31  Hatchery  
  79  9:42  Queen  
  81  9:46  Spore Crawler  
  81  9:48  Spore Crawler  
  81  9:50  Spore Crawler  
  76  9:53  Queen x2  
  71  10:16  Drone x9  
  71  10:17  Overlord  
  80  10:25  Overlord x2  
  80  10:38  Spire  
  79  10:45  Hydralisk Den  
  78  11:04  Spore Crawler  
  77  11:06  Spore Crawler  
  71  11:16  Spore Crawler  
  70  11:19  Spore Crawler  
  70  11:21  Spore Crawler  
  68  11:31  Hydralisk x6  
  80  11:42  Drone x3  
  83  12:04  Corruptor  
  83  12:05  Corruptor  
  83  12:06  Overlord  
  83  12:07  Overlord  
  86  12:25  Corruptor x2  
  90  12:38  Drone  
  90  12:39  Drone x2  
  90  12:40  Drone x3  
  96  12:45  Overlord  
  94  13:03  Spore Crawler  
  93  13:05  Corruptor  
  93  13:06  Spore Crawler  
  93  13:07  Spore Crawler  
  93  13:08  Drone x3  
  93  13:10  Drone  
  93  13:12  Drone  
  98  13:15  Drone  
  99  13:22  Grooved Spines  
  99  13:26  Drone x4  
  103  13:54  Queen  
  105  13:56  Queen  
  105  13:58  Drone x2, Overlord  
  105  13:59  Overlord x3  
  109  14:17  Drone  
  109  14:18  Drone x4  
  109  14:19  Overlord x2  
  112  14:32  Queen  
  112  14:34  Hydralisk  
  112  14:35  Hydralisk x6  
  115  14:50  Drone x9  
Show
View Real Time Build Order
Export as new Build Order

Sacul Zerg - Winner!

Build Orders: Pool First 

Get SALT Encoding   

  12  0:20  Spawning Pool  
  11  0:22  Drone  
  11  0:27  Drone  
  13  0:31  Drone  
  14  0:40  Overlord  
  14  0:49  Extractor  
  13  0:52  Extractor  
  12  1:08  Zergling x2  
  12  1:09  Zergling x4  
  15  1:12  Queen  
  17  1:22  Drone  
  18  1:34  Zergling x2  
  19  1:45  Metabolic Boost  
  19  1:48  Zergling x2  
  19  1:52  Drone  
  21  2:08  Zergling x2  
  22  2:23  Overlord x2  
  22  2:26  Overlord  
  22  2:58  Zergling x6  
  21  3:12  Zergling x6, Hatchery  
  23  3:30  Zergling x2  
  24  3:38  Zergling x6  
  27  3:43  Zergling x2  
  28  3:55  Zergling x2  
  29  4:19  Zergling x8  
  33  4:24  Queen  
  33  4:25  Drone  
  36  4:32  Drone x4  
  35  5:02  Drone x5  
  35  5:06  Lair, Baneling Nest  
  32  5:36  Zergling x2  
  32  5:37  Zergling x6  
  32  5:38  Drone  
  32  5:39  Drone x4  
  41  5:50  Drone x4  
  45  5:57  Baneling  
  45  5:58  Baneling x6  
  45  6:05  Drone x3  
  48  6:20  Overlord  
  48  6:23  Drone  
  48  6:24  Drone x3  
  48  6:25  Overlord  
  51  6:36  Extractor  
  51  6:38  Extractor  
  49  6:43  Centrifugal Hooks  
  49  6:48  Zergling x14  
  56  6:56  Drone x2  
  58  7:09  Drone x6  
  64  7:16  Spore Crawler  
  64  7:19  Spore Crawler  
  62  7:26  Evolution Chamber  
  61  7:30  Evolution Chamber, Pneumatized Carapace  
  60  7:44  Overlord  
  60  7:45  Overlord  
  60  7:46  Overlord  
  60  7:59  Zerg Melee Weapons Level 1  
  60  8:00  Zerg Ground Armor Level 1  
  60  8:02  Overlord  
  60  8:04  Overseer  
  60  8:11  Drone  
  60  8:12  Drone x6  
  67  8:25  Hatchery  
  65  8:49  Zergling x2  
  65  8:50  Zergling x20  
  76  8:57  Hydralisk Den  
  71  9:08  Baneling  
  71  9:09  Baneling x17  
  71  9:10  Zergling x2  
  71  9:11  Zergling x10  
  77  9:25  Drone x5  
  77  9:29  Queen  
  77  9:30  Nydus Network  
  83  9:31  Grooved Spines  
  83  9:50  Infestation Pit  
  82  9:54  Zerg Missile Weapons Level 1  
  68  10:02  Zergling x18  
  68  10:03  Zergling x2  
  70  10:13  Extractor  
  67  10:16  Zergling x2  
  67  10:17  Zergling x14  
  72  10:27  Zergling x4  
  69  10:33  Zergling x2  
  70  10:36  Zergling x4  
  70  10:42  Muscular Augments, Hive  
  72  10:52  Zergling x6  
  72  10:53  Zergling x2, Queen  
  78  11:06  Drone x3  
  81  11:12  Drone x6  
  87  11:37  Extractor, Overlord x4  
  86  11:48  Baneling x6  
  86  11:49  Baneling x16  
  86  11:58  Zerg Missile Weapons Level 2  
  86  11:59  Zerg Ground Armor Level 2  
  86  12:04  Ultralisk Cavern  
  86  12:07  Drone  
  86  12:08  Drone x8  
  94  12:29  Adrenal Glands  
  94  12:41  Overlord x2  
  94  12:52  Ultralisk x3  
  94  12:57  Ultralisk  
  118  13:03  Baneling  
  118  13:04  Baneling x10  
  118  13:05  Baneling  
  118  13:07  Overseer x2  
  118  13:08  Overseer  
  118  13:38  Ultralisk  
  118  13:39  Hatchery  
  123  13:53  Zergling x24  
  123  13:54  Zergling x8, Hatchery  
Show
View Real Time Build Order
Export as new Build Order

Htown Protoss - Winner!

Build Orders: Carriers 

Get SALT Encoding   

  12  0:02  Probe  
  13  0:14  Probe  
  13  0:19  Pylon  
  14  0:26  Probe  
  15  0:37  Forge  
  15  0:41  Probe (Chrono Boost)  
  16  0:49  Probe (Chrono Boost)  
  17  0:56  Pylon  
  17  1:16  Photon Cannon x2  
  17  1:20  Probe  
  18  1:49  Pylon  
  18  1:51  Assimilator  
  18  2:09  Photon Cannon  
  18  2:10  Photon Cannon  
  18  2:14  Photon Cannon  
  18  2:38  Nexus  
  18  2:52  Probe (Chrono Boost)  
  18  2:56  Gateway  
  18  2:57  Assimilator  
  19  2:58  Assimilator  
  19  3:04  Probe (Chrono Boost)  
  20  3:10  Probe (Chrono Boost)  
  21  3:18  Probe (Chrono Boost)  
  21  3:19  Pylon  
  22  3:30  Probe (Chrono Boost)  
  23  3:35  Probe (Chrono Boost)  
  24  3:43  Gateway  
  24  3:48  Gateway  
  24  3:53  Probe (Chrono Boost)  
  25  3:57  Probe (Chrono Boost)  
  25  4:01  Cybernetics Core  
  27  4:04  Probe (Chrono Boost)  
  27  4:05  Probe (Chrono Boost)  
  27  4:09  Probe (Chrono Boost)  
  28  4:10  Probe (Chrono Boost)  
  30  4:22  Probe (Chrono Boost)  
  32  4:24  Probe (Chrono Boost)  
  32  4:26  Assimilator  
  32  4:28  Assimilator  
  33  4:31  Probe (Chrono Boost)  
  33  4:34  Probe (Chrono Boost)  
  34  4:44  Probe  
  35  4:51  Probe  
  36  4:56  Probe  
  36  4:58  Warp Gate (Chrono Boost)  
  37  5:04  Probe  
  38  5:08  Probe  
  38  5:10  Nexus  
  38  5:12  Pylon  
  39  5:18  Probe (Chrono Boost)  
  39  5:20  Probe (Chrono Boost)  
  41  5:23  Gateway  
  41  5:24  Pylon  
  41  5:32  Probe (Chrono Boost)  
  41  5:33  Photon Cannon  
  41  5:34  Probe (Chrono Boost)  
  41  5:35  Photon Cannon  
  43  5:36  Photon Cannon  
  43  5:40  Probe (Chrono Boost)  
  43  5:42  Probe  
  45  5:49  Shield Battery  
  45  5:51  Pylon  
  45  5:58  Pylon  
  45  6:00  Assimilator  
  45  6:03  Assimilator, Probe x2  
  47  6:15  Probe  
  48  6:29  Probe x2  
  48  6:30  Probe  
  51  6:41  Stargate  
  51  6:42  Stargate  
  51  6:44  Stargate  
  51  6:47  Pylon  
  51  6:48  Probe x3  
  51  6:49  Pylon  
  54  6:57  Protoss Air Weapons Level 1 (Chrono Boost)  
  54  7:00  Probe x2  
  54  7:01  Probe  
  57  7:05  Photon Cannon  
  57  7:06  Photon Cannon  
  57  7:08  Photon Cannon  
  57  7:09  Photon Cannon  
  57  7:10  Shield Battery  
  57  7:12  Probe  
  57  7:13  Probe x2  
  60  7:21  Pylon  
  60  7:25  Probe x3  
  63  7:37  Phoenix x3  
  63  7:42  Fleet Beacon  
  63  7:44  Probe x3  
  72  8:02  Phoenix x3  
  72  8:04  Pylon  
  78  8:06  Pylon  
  78  8:12  Pylon  
  77  8:34  Anion Pulse-Crystals  
  77  8:35  Phoenix x3 (Chrono Boost)  
  83  8:44  Nexus  
  83  8:46  Pylon  
  83  8:47  Pylon  
  83  8:49  Stalker x4  
  83  8:54  Gateway  
  91  8:56  Gateway  
  91  8:59  Pylon  
  91  9:06  Carrier x2 (Chrono Boost)  
  103  9:18  Pylon  
  103  9:20  Carrier (Chrono Boost)  
  109  9:34  Assimilator  
  109  9:38  Assimilator  
  109  9:45  Protoss Air Weapons Level 2 (Chrono Boost)  
  101  10:07  Carrier  
  101  10:08  Carrier  
  113  10:17  Carrier  
  118  11:40  Carrier  
  118  11:41  Carrier x2  
  118  11:44  Mothership (Chrono Boost)  
  144  12:18  Nexus  
  144  12:21  Pylon, Protoss Shields Level 1 (Chrono Boost)  
  144  12:22  Pylon  
  144  12:25  Assimilator, Protoss Air Weapons Level 3 (Chrono Boost)  
  144  12:30  Assimilator  
  144  12:32  Pylon  
  144  12:49  Carrier  
  144  12:50  Carrier x2  
  158  13:08  Photon Cannon x2  
  158  13:10  Photon Cannon  
  158  13:11  Photon Cannon  
  158  13:12  Photon Cannon  
  152  13:14  Photon Cannon  
  152  13:15  Photon Cannon  
  152  13:19  Shield Battery x2  
  152  13:21  Shield Battery  
  152  13:24  Shield Battery  
  152  13:28  Pylon  
  152  13:31  Probe  
  152  13:32  Probe x3  
  156  13:43  Probe  
  157  13:50  Photon Cannon x2  
  157  13:52  Photon Cannon  
  157  13:53  Shield Battery  
  157  14:03  Carrier x3 (Chrono Boost)  
  175  14:32  Gateway  
  175  14:33  Gateway  
  175  14:35  Gateway x2  
  175  14:36  Gateway  
Tags
 
Add a new tag
Caveats
  • Supply blocks, unpowered buildings, or Contaminate may cause inaccurate times.
  • Supply counts are checked every 10 seconds.